 Dungeon Sprint DCSS version 0.29-a0-91-gdebf4667c2 (webtiles) character file.

Game seed: 16378074144546762970

6260 mhtbhm the Severer (level 10, -18/105 HPs)
             Began as a Black Draconian Berserker on Feb 7, 2022.
             Was a High Priest of Trog.
             Demolished by Donald (26 damage)
             ... in the Dungeon (Sprint VII: "The Pits").
             The game lasted 00:03:36 (1874 turns).

mhtbhm the Severer (Black Draconian Berserker)      Turns: 1874, Time: 00:03:37

Health: -18/105    AC: 11    Str: 24    XL:     10   Next: 62%
Magic:  10/10      EV: 16    Int:  7    God:    Trog [*****.]
Gold:   11         SH:  0    Dex: 11    Spells: 9/9 levels left

rFire   . . .      SeeInvis .   a - +10 battleaxe of Ligiused {vorpal, Fly}
rCold   . . .      Faith    .   (shield currently unavailable)
rNeg    . . .      Spirit   .   (armour unavailable)
rPois   .          Reflect  .   (helmet restricted)
rElec   +          Harm     .   k - +2 cloak {rCorr}
rCorr   +          Rampage  .   (no gloves)
Will    .....      NoTele   +   q - +0 pair of boots
Stlth   +++.......              (no amulet)
HPRegen 0.27/turn               (no ring)
MPRegen 0.12/turn               (no ring)

@: on berserk cooldown, flying, slowed, very slow
A: breathe lightning, AC +7, unfitting armour, electricity resistance,
cold-blooded
a: Breathe Lightning, Renounce Religion, Berserk, Trog's Hand, Brothers in Arms


You were in the Dungeon.
You worshipped Trog.
Trog was extremely pleased with you.
You visited 1 branch You collected 11 gold pieces.

Inventory:

Hand Weapons
 a - the +10 battleaxe of Ligiused (weapon) {vorpal, Fly}
   (Trog gifted it to you in the Dungeon)

   It inflicts extra damage upon your enemies.
   Fly:       It grants you flight.
 r - a +4 executioner's axe of flaming
 s - a +2 antimagic broad axe
Armour
 k - a +2 cloak of preservation (worn)
 q - a +0 pair of boots (worn)
Jewellery
 m - a +3 ring of strength
 n - a +3 ring of protection
Wands
 l - a wand of acid (6)
Scrolls
 i - a scroll of summoning
Potions
 b - 5 potions of curing
 c - 8 potions of heal wounds
 d - a potion of haste
 e - 4 potions of magic
 f - 5 potions of berserk rage
 h - 2 potions of invisibility
 j - a potion of degeneration {unknown}
 o - a potion of resistance
 p - a potion of might


   Skills:
 + Level 15.0 Fighting
 + Level 16.9 Axes
 + Level 12.4 Dodging
 + Level 5.4 Stealth


You had 9 spell levels left.
You didn't know any spells.
Your spell library was empty.

Dungeon Overview and Level Annotations

Branches:
Dungeon (1/1)

Altars:
Ashenzari
Cheibriados
Dithmenos
Elyvilon
Fedhas
Gozag
Hepliaklqana
Kikubaaqudgha
Makhleb
Nemelex Xobeh
Okawaru
Qazlal
Ru
Sif Muna
Trog
Uskayaw
Vehumet
Wu Jian
Xom
Yredelemnul
Zin
The Shining One
Beogh
Jiyva
Lugonu

Annotations:
D Donald


Innate Abilities, Weirdness & Mutations

You can breathe wild blasts of lightning.
Your glossy black scales are hard. (AC +7)
You cannot fit into any form of body armour.
You are resistant to electric shocks. (rElec)
You are cold-blooded and may be slowed by cold attacks.


Message History

Donald blocks your attack.
Donald is severely wounded.
You barely miss Donald.
Your tail-slap misses Donald.
Donald is severely wounded.
Donald hits you with a +0 vorpal scimitar!!!
* * * LOW HITPOINT WARNING * * *
x2 Unknown command.
Unknown command.
Press: ? - help, v - describe, . - travel
Here: Donald, wielding a +0 vorpal scimitar, wearing a +0 crystal plate armour and wearing a +0 kite shield of reflection (heavily wounded, fast, strong)
The floor, spattered with blood.
Unknown command.
You are no longer berserk.
You are exhausted.
You feel yourself slow down.
Blink to where?
Press: ? - help, Dir - move target
As you read the scroll of blinking, it crumbles to dust.
Your two-headed ogre goes berserk!
Donald says, "You troglodyte!"
Donald hits your two-headed ogre with a +0 vorpal scimitar!!
You feel much better.
Donald hits your two-headed ogre with a +0 vorpal scimitar!!
Donald blocks your two-headed ogre's attack.
Your two-headed ogre hits Donald but does no damage.
Donald hits your two-headed ogre with a +0 vorpal scimitar!
Your two-headed ogre hits Donald with a +0 giant spiked club!!
Donald blocks your two-headed ogre's attack.
Unknown command.
Donald hits your two-headed ogre with a +0 vorpal scimitar!!
Your two-headed ogre dies!
Your two-headed ogre's corpse disappears in a puff of smoke!
Unknown command.
Okay, then.
Okay, then.
You feel much better.
Donald hits you with a +0 vorpal scimitar!!!
* * * LOW HITPOINT WARNING * * *
x2 Donald hits you with a +0 vorpal scimitar!!
You die...

###'#####''###### #######
.......##''################
.......##..#..............#
.......##..##..............
...<...##..####...#)######Y
.......##..#..#####†##...#
.......##..#....##)..#...#
.......##..').)..#..[#...#
#########..'....@@...'.$.+
#########..'.....#...#...#
..#...[##..#....##...#...#
..#..[[##..#..#####.##...#
..'..))##..####...#)######.
..#..))##..##.....÷.÷......
..#!.))##..#..............#
######## ################


You could see Donald (fast, strong).

Vanquished Creatures
  A death yak (D)
  Maurice (D)
  An orange demon (D)
  Psyche (D)
  A yaktaur (D)
  A guardian mummy (D)
  A hellwing (D)
  A hornet (D)
  11 yaks (D)
  2 vampire mosquitoes (D)
  A swamp drake (D)
  A black bear (D)
  2 quasits (D)
  Crazy Yiuf (D)
  A hound (D)
  2 iron imps (D)
  A mummy (D)
  2 gnolls (D)
  A river rat (D)
  A white imp (D)
  An adder skeleton (D)
  A worm (D)
  2 orcs (D)
  A bat zombie (D)
  An endoplasm (D)
  3 giant cockroaches (D)
  2 jackals (D)
  A ball python (D)
  A ball python skeleton (D)
  A ball python zombie (D)
  A bat (D)
  A frilled lizard (D)
  A kobold (D)
51 creatures vanquished.

Vanquished Creatures (collateral kills)
  A sea snake (D)
  A deep troll (D)
  A cane toad (D)
  2 yaks (D)
  A hell rat (D)
6 creatures vanquished.

Grand Total: 57 creatures vanquished

Notes
Turn   | Place    | Note
-------+----------+-------------------------------------------
     0 | D        | mhtbhm the Draconian Berserker began the quest for the Orb.
     0 | D        | Reached XP level 1. HP: 19/19 MP: 1/1
    20 | D        | Found a bloodstained altar of Trog.
    20 | D        | Found a shimmering blue altar of Sif Muna.
    20 | D        | Found a viscous altar of Jiyva.
    20 | D        | Found a hazy altar of Hepliaklqana.
    20 | D        | Found an opulent altar of Gozag.
    21 | D        | Found a glowing golden altar of the Shining One.
    21 | D        | Found a glowing silver altar of Zin.
    21 | D        | Found a basalt altar of Yredelemnul.
    21 | D        | Found a shimmering altar of Xom.
    21 | D        | Found an ornate altar of the Wu Jian Council.
    21 | D        | Found a sacrificial altar of Ru.
    21 | D        | Found a stormy altar of Qazlal.
    21 | D        | Found an iron altar of Okawaru.
    21 | D        | Found a sparkling altar of Nemelex Xobeh.
    21 | D        | Found a burning altar of Makhleb.
    21 | D        | Found a blossoming altar of Fedhas.
    21 | D        | Found a white marble altar of Elyvilon.
    21 | D        | Found a shadowy altar of Dithmenos.
    21 | D        | Found a snail-covered altar of Cheibriados.
    23 | D        | Found a radiant altar of Vehumet.
    23 | D        | Found a corrupted altar of Lugonu.
    62 | D        | Reached ** piety under Trog
    67 | D        | Reached skill level 4 in Axes
    67 | D        | Reached XP level 2. HP: 11/28 MP: 2/2
   270 | D        | Reached *** piety under Trog
   429 | D        | Reached **** piety under Trog
   433 | D        | Noticed Crazy Yiuf
   439 | D        | Reached skill level 5 in Fighting
   439 | D        | Reached XP level 3. HP: 30/36 MP: 3/3
   446 | D        | Reached skill level 5 in Axes
   451 | D        | Killed Crazy Yiuf
   452 | D        | Reached skill level 6 in Axes
   452 | D        | Reached skill level 5 in Dodging
   452 | D        | Reached XP level 4. HP: 15/45 MP: 4/4
   454 | D        | Reached ***** piety under Trog
   681 | D        | Noticed a black bear
   689 | D        | Killed a black bear
   690 | D        | Reached skill level 7 in Axes
   690 | D        | Reached XP level 5. HP: 28/53 MP: 5/5
   834 | D        | Noticed Maurice
   843 | D        | Killed Maurice
   844 | D        | Reached skill level 10 in Fighting
   844 | D        | Reached skill level 9 in Axes
   844 | D        | Reached skill level 1 in Stealth
   844 | D        | Reached XP level 6. HP: 67/67 MP: 6/6
   844 | D        | Your scales start taking on a glossy black colour.
   844 | D        | Reached XP level 7. HP: 73/73 MP: 7/7
   844 | D        | Gained mutation: You are resistant to electric shocks.
                  | (rElec) [Black Draconian growth]
   900 | D        | Received a gift from Trog
   946 | D        | Noticed a hornet
   946 | D        | Noticed a vampire mosquito
   946 | D        | Noticed a vampire mosquito
   955 | D        | Killed a vampire mosquito
   956 | D        | Reached skill level 10 in Axes
  1002 | D        | Killed a vampire mosquito
  1007 | D        | Killed a hornet
  1008 | D        | Reached skill level 11 in Axes
  1008 | D        | Reached XP level 8. HP: 68/82 MP: 8/8
  1221 | D        | Found a hide-covered altar of Uskayaw.
  1221 | D        | Found an ancient bone altar of Kikubaaqudgha.
  1221 | D        | Found a broken altar of Ashenzari.
  1254 | D        | Noticed a yaktaur
  1259 | D        | Received a gift from Trog
  1263 | D        | Killed a yaktaur
  1264 | D        | Reached skill level 12 in Axes
  1264 | D        | Reached skill level 10 in Dodging
  1370 | D        | Noticed an orange demon
  1381 | D        | Killed an orange demon
  1381 | D        | Received a gift from Trog
  1382 | D        | Reached skill level 13 in Axes
  1382 | D        | Reached XP level 9. HP: 92/92 MP: 9/9
  1436 | D        | Noticed a death yak
  1438 | D        | Noticed a guardian mummy
  1448 | D        | Killed a death yak
  1449 | D        | Reached skill level 14 in Axes
  1451 | D        | Received a gift from Trog
  1453 | D        | Reached ****** piety under Trog
  1457 | D        | Killed a guardian mummy
  1460 | D        | Reached skill level 15 in Axes
  1460 | D        | Reached XP level 10. HP: 84/102 MP: 10/10
  1630 | D        | Noticed Psyche
  1637 | D        | Killed Psyche
  1638 | D        | Reached skill level 5 in Stealth
  1641 | D        | Identified the +10 battleaxe of Ligiused {vorpal, Fly}
                  | (Trog gifted it to you in the Dungeon)
  1641 | D        | Received a gift from Trog
  1651 | D        | Noticed a sea snake
  1667 | D        | Noticed a deep troll
  1668 | D        | Killed a sea snake
  1669 | D        | Reached skill level 16 in Axes
  1670 | D        | Noticed a cane toad
  1670 | D        | Killed a deep troll
  1671 | D        | Received a gift from Trog
  1673 | D        | Killed a cane toad
  1850 | D        | Noticed Donald
  1857 | D        | Reached skill level 15 in Fighting
  1868 | D        | HP: 7/157 [Donald (42)]
  1868 | D        | HP: 1/157 [Donald (6)]
  1874 | D        | Demolished by Donald

Illustrated notes

Levels and vault maps discovered:
D:        pitsprint [storerooms_1, entrance_room_1, metal_vault_1, armoury_2,
          mini_pit_1, grid_room_1, main_hall_1, silver_pit, the_coven_3,
          the_vestibule_1, steel_vault_3, golden_pit, hallway_of_sentries,
          crystal_vault_3, iron_vault_4, final_vault]

Skill      XL: |  1  2  3  4  5  6  7  8  9 10 |
---------------+-------------------------------+-----
Dodging        | 3 4 5 6 7 9 10 11 12 | 12.4
Fighting       | 4 5 6 8 10 11 12 13 15 | 15.0
Axes           | 4 6 7 9 11 13 15 16 | 16.9
Stealth        | 1 2 4 5 |  5.4

Action                   |  1- 3 |  4- 6 |  7- 9 | 10-12 || total
-------------------------+-------+-------+-------+-------++-------
Melee: Hand axe          |    46 |    17 |    47 |       ||   110
       Tailslap          |     6 |     3 |    10 |     6 ||    25
       War axe           |       |       |    34 |    10 ||    44
       Punch             |       |       |     2 |       ||     2
       Battleaxe         |       |       |       |    24 ||    24
Invok: Berserk           |     1 |     1 |     4 |     2 ||     8
       Brothers in Arms  |       |       |       |     2 ||     2
 Abil: Breathe Lightning |       |       |       |     2 ||     2
  Use: Potion            |       |       |     1 |     4 ||     5
       Scroll            |       |       |       |     1 ||     1
 Stab: Distracted        |       |       |     1 |       ||     1
Armor: Skin              |    14 |    10 |    29 |     8 ||    61
Dodge: Dodged            |    27 |     9 |    64 |    33 ||   133

Table legend: (Time is in decaauts)
 A = Elapsed time spent in this place.
 B = Non-inter-level travel time spent in this place.
 C = Inter-level travel time spent in this place.
 D = Time resting spent in this place.
 E = Time spent auto-exploring this place.
 F = Levels seen in this place.
 G = Mean time per level.
                   A        B        C        D        E       F      G
               +--------+--------+--------+--------+--------+-----+--------+
         Total |   1917 |   1917 |      0 |   1325 |     69 |   1 | 1917.0 |
       Dungeon |   1917 |   1917 |      0 |   1325 |     69 |   1 | 1917.0 |
               +--------+--------+--------+--------+--------+-----+--------+

Top non-repeatable levels by time:
       D: 1917 daAuts
